 Dungeon Crawl Stone Soup version 0.32-a0-961-gd60f5e5fc7 (webtiles) character file.

Game seed: 3851405858403893137

4112 Gadrel the Covert (level 10, -3/57 HPs)
             Began as a Vampire Cinder Acolyte on Apr 17, 2024.
             Was a High Priest of Ignis.
             Slain by a centaur warrior (4 damage)
             ... on level 9 of the Dungeon.
             The game lasted 00:29:13 (10868 turns).

Gadrel the Covert (Vampire Cinder Acolyte)         Turns: 10868, Time: 00:29:14

Health: -3/57      AC:  8    Str: 13    XL:     10   Next: 6%
Magic:  15/17      EV: 15    Int: 21    God:    Ignis [*****.]
Gold:   662        SH:  0    Dex: 10    Spells: 10/19 levels left

rFire   + + .        b - staff of fire {rF+}
rCold   + + .        (no shield)
rNeg    + + +        x - +2 robe {Will+}
rPois   ∞            c - +0 helmet
rElec   .            y - +1 cloak
rCorr   +            (no gloves)
SInv    +            z - +0 pair of boots {Stlth+}
Will    ++...        u - amulet of regeneration
Stlth   +++++++      E - +5 ring of evasion
HPRegen 0.00/turn    X - ring of resist corrosion
MPRegen 0.15/turn

%: no passive effects
@: brilliant, bloodless, inhibited regen, hasted, studying Polearms, invisible,
very quick
A: bloodless, fangs 3, see invisible, vampiric 2
a: Bat Form, Revivify, Renounce Religion, Fiery Armour, Foxfire Swarm, Rising
Flame


You were on level 9 of the Dungeon.
You worshipped Ignis.
Ignis was extremely pleased with you.
You visited 2 branches of the dungeon, and saw 10 of its levels.
You also visited: Sewer.

You collected 662 gold pieces.

Inventory:

Hand Weapons
 a - a +4 spear of freezing
   (You took it off a wight on level 6 of the Dungeon)
 f - the +8 war axe of Severance {antimagic, rF+ Will+}
   (You found it on level 2 of the Dungeon)

   rF+:       It protects you from fire.
   Will+:     It increases your willpower.
 k - a +0 dagger of draining
   (You took it off an orc on level 4 of the Dungeon)
 A - a +2 dagger
   (You took it off a wight on level 5 of the Dungeon)
 G - a +0 short sword of draining
   (You took it off a kobold on level 8 of the Dungeon)
Missiles
 i - 15 poisoned darts
 l - 4 boomerangs
 s - 81 stones
 t - 9 javelins
 w - 3 atropa-tipped darts
 F - a curare-tipped dart
Armour
 c - a +0 helmet (worn)
   (You found it on level 5 of the Dungeon)
 v - a +0 kite shield
   (You took it off a gnoll sergeant on level 5 of the Dungeon)
 x - a +2 robe of willpower (worn)
   (You took it off Blork the orc on level 6 of the Dungeon)
 y - a +1 cloak (worn)
   (You took it off Crazy Yiuf on level 6 of the Dungeon)
 z - a +0 pair of boots of stealth (worn)
   (You found it on level 7 of the Dungeon)
Magical Staves
 b - a staff of fire (weapon) {rF+}
   (You found it on level 4 of the Dungeon)
 h - a staff of alchemy
   (You found it on level 7 of the Dungeon)
Jewellery
 u - an amulet of regeneration (around neck)
   (You found it on level 6 of the Dungeon)
 E - a +5 ring of evasion (left hand)
   (You found it on level 8 of the Dungeon)
 X - a ring of resist corrosion (right hand)
   (You found it on level 8 of the Dungeon)
Wands
 d - a wand of digging (5)
   (You found it on level 9 of the Dungeon)
 p - a wand of roots (8)
   (You found it on level 3 of the Dungeon)
 M - a wand of quicksilver (6)
   (You found it on level 9 of the Dungeon)
Scrolls
 j - a scroll of butterflies
 m - a scroll of enchant armour
 q - a scroll of revelation
 C - a scroll of fear
 D - 5 scrolls of blinking {!r}
 L - a scroll of torment {unknown}
 V - 3 scrolls of vulnerability {!r!r}
 Y - 2 scrolls of teleportation {@r3}
Potions
 e - 5 potions of cancellation
 g - a potion of degeneration {unknown}
 n - 3 potions of enlightenment
 o - a potion of magic {unknown}
 r - a potion of mutation {unknown}
 B - 2 potions of brilliance
 H - a potion of haste
 I - a potion of invisibility
 J - a potion of curing {@q1}
 N - a potion of heal wounds {@q2}


   Skills:
 + Level 4.2 Fighting
 - Level 4.0 Short Blades
 - Level 4.0 Polearms
 - Level 10.0 Stealth
 - Level 5.0 Spellcasting
 - Level 5.0 Fire Magic
 - Level 10.0 Alchemy
 - Level 1.0 Evocations


You had 10 spell levels left.
You knew the following spells:

 Your Spells              Type           Power      Damage    Failure   Level
a - Scorch                Fire           100%       2d9       1%          2
s - Sticky Flame          Fire/Alch      70%        2d11      4%          4
x - Stone Arrow           Conj/Erth      14%        3d7       32%         3

Your spell library contained the following spells:

 Spells                   Type           Power      Damage    Failure   Level
 Ignite Poison            Fire/Alch      70%        N/A       4%          4
 Alistair's Intoxication  Alch           42%        N/A       4%          5
 Apportation              Tloc           14%        N/A       11%         1
 Sandblast                Erth           14%        2d6       11%         1
 Jinxbite                 Hex            14%        N/A       16%         2
 Fugue of the Fallen      Necr           7%         N/A       32%         3
 Maxwell's Portable Pile  Tloc           7%         2d(5-15)  32%         3
 Ozocubu's Armour         Ice            7%         N/A       32%         3
 Passwall                 Erth           7%         N/A       32%         3
 Sigil of Binding         Hex            7%         N/A       32%         3
 Anguish                  Hex/Necr       3%         N/A       71%         4
 Cause Fear               Hex            3%         N/A       71%         4
 Enfeeble                 Hex            3%         N/A       100%        7
 Magnavolt                Erth/Air       3%         3d9       100%        7
 Manifold Assault         Tloc           3%         N/A       100%        7
 Ignition                 Fire           28%        3d9       100%        8
 Maxwell's Capacitive Co  Air            3%         ∞         100%        8


Dungeon Overview and Level Annotations

Branches:
Dungeon (9/15)             Temple (1/1) D:5           Sewer (visited)
   Lair: D:8-11         Orc: D:9-12

Altars:
Ashenzari
Cheibriados
Dithmenos
Fedhas
Gozag
Hepliaklqana
Kikubaaqudgha
Makhleb
Nemelex Xobeh
Okawaru
Ru
Sif Muna
Uskayaw
Vehumet
Wu Jian
Xom
Yredelemnul


Innate Abilities, Weirdness & Mutations

You do not regenerate when monsters are visible.
You are frail without blood (-20% HP).
You can heal yourself when you bite living creatures.
You are immune to poison.
You have razor-sharp teeth.
You have supernaturally acute eyesight. (SInv)
You are afflicted with vampirism and can become a bat while bloodless.


Message History

You now have 7/17 mp.
You feel a surge of power!
Flames lash the orc.
You kill the orc!
An orc comes into view. It is wielding a +0 club.
You now have 6/17 mp.
You feel a surge of power!
Flames lash the orc.
You kill the orc!
You hear a shout!
The orc priest hits you but does no damage.
You now have 4/17 mp.
You feel a surge of power!
Flames lash the orc priest.
The orc priest is burned terribly!
You kill the orc priest!
You hear a shout!
A centaur warrior comes into view.
You hear a shout!
You now have 2/17 mp.
The centaur warrior wields a +0 orcbow.
The centaur warrior shoots an arrow.
The arrow barely misses you.
You climb upwards.
There is a stone staircase leading down here.
You regained 2 hp, and now have 54/57 hp.
You start resting.
Health restored: 57; MP restored: 17 You climb downwards.
Level annotation: exclusion: boulder beetle The centaur shouts!
The centaur wields a +0 shortbow.
The centaur shoots an arrow.
The arrow barely misses you.
The centaur warrior shoots an arrow.
The arrow closely misses you.
The centaur shoots an arrow.
The arrow hits you.
The centaur warrior shoots an arrow.
The arrow hits you!
There is a stone staircase leading up here.
You take 13 damage, and have 44/57 hp.
MASSIVE DAMAGE!!
The centaur shoots an arrow.
The arrow completely misses you.
The centaur warrior shoots an arrow.
The arrow hits you!
You hear a shout! x2
You climb upwards.
There is a stone staircase leading down here.
You take 13 damage, and have 31/57 hp.
MASSIVE DAMAGE!!
Items here: ) [ ÷÷.
There is an open door here.
There is an open door here.
There is a stone staircase leading down here.
Health restored: 57 You climb downwards.
Level annotation: exclusion: boulder beetle
There is a stone staircase leading up here.
L - a scroll labelled CEIBLO VIJ FOUV
There is a stone staircase leading up here.
Found an escape hatch in the floor.
M - a wand of quicksilver (6)
The centaur warrior shoots an arrow.
The arrow hits you!
You take 10 damage, and have 47/57 hp.
The centaur warrior shoots an arrow.
The arrow closely misses you.
You start resting.
The centaur warrior shoots an arrow.
The arrow hits you!!
You take 17 damage, and have 31/57 hp.
MASSIVE DAMAGE!!
Okay, then.
Okay, then.
Okay, then.
Unknown command.
Okay, then.
Unknown command.
You feel yourself speed up.
The centaur warrior shoots an arrow.
The arrow hits you!
* * * LOW HITPOINT WARNING * * *
You take 15 damage, and have 16/57 hp.
MASSIVE DAMAGE!!
It was a potion of brilliance.
You feel clever all of a sudden.
B - 2 potions of brilliance;
h - a staff of alchemy The centaur warrior shoots an arrow.
The arrow hits you!
* * * LOW HITPOINT WARNING * * *
You take 12 damage, and have 4/57 hp.
MASSIVE DAMAGE!!
It was a potion of invisibility.
You fade into invisibility!
I - a potion of invisibility;
j - a scroll of butterflies The centaur warrior shoots an arrow.
The arrow misses you.
It was a potion of heal wounds.
You feel much better.
N - a potion of heal wounds The centaur warrior shoots an arrow.
The arrow hits you!
You regained 15 hp, and now have 19/57 hp.
The centaur warrior shoots an arrow.
The arrow hits you!!
* * * LOW HITPOINT WARNING * * *
You take 18 damage, and have 1/57 hp.
MASSIVE DAMAGE!!
The centaur warrior unwields a +0 orcbow.
The centaur warrior closely misses you.
The centaur warrior completely misses you.
Press: ? - help, Shift-Dir - straight line, f - centaur warrior
Aim: a centaur warrior (unable to see you)
You feel a strong surge of power!
The sticky flame hits the centaur warrior!
The centaur warrior burns!
The centaur warrior hits you.
You die...
Ignis goes out, and joins you in death.

##.........## ##.......#.....
#..######..... #####.## .....
#.....########..#
#......[.......# #. ###..
#..........>..# #.##[..#
#####.#####c..#### #....#..
##.#...@.......##...#..#
#..###..#...###........#....#
#..........# ##.........#
#####.#.##### ..#.)......
#.#.....# ...........
#.#####..# ........... #.# .#
[.......... ..# # ###########
.##


You could see a centaur warrior (unable to see you, burning).

Vanquished Creatures
  A boulder beetle (D:8)
  3 yaks
  2 water moccasins (D:6)
  A sky beast (D:7)
  3 ice beasts
  4 black bears
  An orc warrior (D:8)
  A centaur (D:7)
  2 crocodiles (Sewer)
  A phantom (D:6)
  A kobold brigand (D:8)
  Blork the orc (D:6)
  2 bullfrogs (D:7)
  A gnoll sergeant (D:5)
  3 scorpions
  10 wights
  A hound (D:5)
  A jelly (D:8)
  A gnoll bouda (D:7)
  3 orc priests
  Crazy Yiuf (D:6)
  An iguana (D:4)
  4 orc wizards
  A sickly merfolk siren (Sewer)
  A malarious merfolk avatar (Sewer)
  10 gnolls
  8 adders
  2 river rats
  A shadow imp (D:6)
  4 ufetubi
  4 dart slugs
  4 ribbon worms
  19 orcs
  8 ball pythons
  9 endoplasms
  5 giant cockroaches
  9 hobgoblins
  6 jackals (D:3)
  8 kobolds
  9 quokkas
  8 frilled lizards
  8 goblins
  25 rats
198 creatures vanquished.

Vanquished Creatures (others)
  9 foxfires (Sewer)
9 creatures vanquished.

Grand Total: 207 creatures vanquished

Notes
Turn   | Place    | Note
-------+----------+-------------------------------------------
     0 | D:1      | Gadrel the Vampire Cinder Acolyte began the quest for the
                  | Orb.
     0 | D:1      | Reached XP level 1. HP: 17/17 MP: 2/2
   215 | D:1      | Reached XP level 2. HP: 13/23 MP: 3/3
   218 | D:1      | Learned a level 2 spell: Scorch
   443 | D:1      | Found a faded altar of an unknown god.
   770 | D:1      | Reached skill level 3 in Fighting
   953 | D:2      | Gained mutation: You are afflicted with vampirism and can
                  | become a bat while bloodless. [Vampire growth]
   953 | D:2      | Reached XP level 3. HP: 29/29 MP: 2/5
  1327 | D:2      | Reached skill level 1 in Stealth
  1332 | D:2      | Identified the +8 war axe of Severance {antimagic, rF+
                  | Will+}
  1748 | D:3      | You fall into a shaft and drop 2 floors!
  1748 | D:5      | Entered Level 5 of the Dungeon
  1780 | D:5      | Reached skill level 2 in Spellcasting
  1780 | D:5      | Reached XP level 4. HP: 26/28 MP: 1/7
  1803 | D:5      | Noticed a scorpion
  1814 | D:5      | Killed a scorpion
  1815 | D:5      | Reached skill level 4 in Short Blades
  1815 | D:5      | Reached skill level 2 in Stealth
  1815 | D:5      | Reached skill level 3 in Fire Magic
  1815 | D:5      | Reached skill level 4 in Stealth
  1856 | D:5      | Reached skill level 5 in Stealth
  1856 | D:5      | Reached XP level 5. HP: 32/32 MP: 0/8
  1899 | D:5      | Found a staircase to the Ecumenical Temple.
  1919 | D:4      | HP: 5/32 [ribbon worm (4)]
  2109 | D:4      | HP: 6/32 [iguana (6)]
  2243 | D:4      | Found a glowing drain.
  2258 | D:4      | Reached skill level 3 in Spellcasting
  2324 | Sewer    | Entered a sewer
  2355 | Sewer    | Reached skill level 1 in Polearms
  2433 | Sewer    | HP: 6/32 [sickly merfolk siren (10)]
  2435 | Sewer    | Reached skill level 2 in Polearms
  2443 | Sewer    | HP: 5/32 [rat (1)]
  2505 | Sewer    | Reached XP level 6. HP: 18/37 MP: 1/10
  2663 | Sewer    | Reached skill level 4 in Polearms
  2664 | Sewer    | HP: 7/37 [ball python (3)]
  2997 | Sewer    | Reached skill level 4 in Fighting
  3384 | D:4      | Reached XP level 7. HP: 38/43 MP: 1/12
  3717 | D:3      | Reached skill level 1 in Evocations
  3839 | D:3      | Reached skill level 4 in Spellcasting
  5000 | D:5      | Reached skill level 5 in Spellcasting
  5318 | Temple   | Entered the Ecumenical Temple
  5434 | D:5      | Reached skill level 4 in Fire Magic
  5434 | D:5      | Reached XP level 8. HP: 45/48 MP: 5/15
  5580 | D:5      | Learned a level 4 spell: Sticky Flame
  5654 | D:5      | HP: 11/48 [gnoll sergeant/+0 spear (12)]
  5987 | D:5      | Reached skill level 1 in Alchemy
  6253 | D:6      | Reached skill level 2 in Alchemy
  6500 | D:6      | Noticed Blork the orc
  6537 | D:6      | Reached skill level 5 in Fire Magic
  6537 | D:6      | Reached skill level 3 in Alchemy
  6544 | D:6      | Killed Blork the orc
  6549 | D:6      | Reached skill level 4 in Alchemy
  6714 | D:6      | Reached skill level 5 in Alchemy
  6841 | D:5      | Reached skill level 6 in Alchemy
  7302 | D:6      | Reached skill level 7 in Alchemy
  7302 | D:6      | Reached XP level 9. HP: 52/52 MP: 9/16
  7400 | D:6      | Found a runed translucent door.
  7401 | D:6      | Noticed Crazy Yiuf
  7730 | D:6      | Killed Crazy Yiuf
  8192 | D:7      | Learned a level 3 spell: Stone Arrow
  8716 | D:7      | Reached skill level 8 in Alchemy
  8987 | D:7      | Found a shadowy altar of Dithmenos.
  8997 | D:7      | Reached skill level 6 in Stealth
  9232 | D:7      | Found a shimmering blue altar of Sif Muna.
  9607 | D:8      | Reached skill level 7 in Stealth
  9976 | D:8      | Reached skill level 8 in Stealth
  9976 | D:8      | Reached skill level 9 in Alchemy
 10370 | D:9      | Noticed a boulder beetle
 10534 | D:8      | Reached skill level 9 in Stealth
 10573 | D:8      | Killed a boulder beetle
 10574 | D:8      | Reached skill level 10 in Stealth
 10574 | D:8      | Reached skill level 10 in Alchemy
 10574 | D:8      | Reached XP level 10. HP: 56/56 MP: 2/17
 10695 | D:9      | Noticed a centaur warrior
 10863 | D:9      | HP: 4/57 [centaur warrior/arrow (12)]
 10866 | D:9      | HP: 1/57 [centaur warrior/arrow (18)]
 10868 | D:9      | Slain by a centaur warrior

Illustrated notes

Levels and vault maps discovered:
D:1:      tarquinn_simple_flora_water_e, layout_basic,
          hellmonk_ecumenical_altar_heavens_door
D:2:      layout_rooms
D:3:      layout_rooms, serial_forest, infiniplex_forest_lined_2,
          infiniplex_forest_lined_room_3, infiniplex_forest_clump_tiny,
          infiniplex_forest_clump_tiny, infiniplex_forest_join,
          infiniplex_forest_clump_small, infiniplex_forest_clump_cross,
          infiniplex_forest_zigzag_1, chequers_serial_rivers_small_b,
          minmay_fountain_box, grunt_decor_mini_mirrors, nrook_mini_backslash,
          minmay_misc_feat_four_crosses
D:4:      layout_gridville, portal_sewer_entry_b
D:5:      layout_basic, minmay_temple_entry_steel_oval, serial_park_tiny_pond,
          water_maze_lemuel
D:6:      layout_loops_ring, uniq_blork_the_orc, uniq_crazy_yiuf_cottage
D:7:      layout_basic, kennysheep_mini, nicolae_dithmenos_the_darkroom
D:8:      layout_basic, mainiacjoe_overflow_paths, minmay_strange_pillars
D:9:      layout_rooms, dpeg_oklobed_lair, erik_orc_1, serial_shops,
          nicolae_shop_tiny_glass, nicolae_shop_gadgets
Temple:   lightli_temple_of_artemis

Skill      XL: |  1  2  3  4  5  6  7  8  9 |
---------------+----------------------------+-----
Fighting       | 3 4 |  4.2
Stealth        | 1 5 10 | 10.0
Spellcasting   | 2 3 5 |  5.0
Short Blades   | 4 |  4.0
Fire Magic     | 3 4 5 |  5.0
Polearms       | 2 4 |  4.0
Evocations     | 1 |  1.0
Alchemy        | 7 10 | 10.0

Action                     |  1- 3 |  4- 6 |  7- 9 | 10-12 || total
---------------------------+-------+-------+-------+-------++-------
  Melee: Short sword       |    85 |       |       |       ||    85
         Bite              |     9 |     5 |     5 |       ||    19
         War axe           |    16 |   116 |    49 |       ||   181
         Staff             |       |       |     6 |     1 ||     7
         Spear             |       |       |     3 |       ||     3
  Throw: Stone             |       |     1 |     3 |       ||     4
         Dart              |       |       |     1 |       ||     1
   Cast: Scorch            |    19 |    11 |   171 |     6 ||   207
         Sticky Flame      |       |       |    10 |     2 ||    12
 Invoke: Foxfire Swarm     |       |     1 |       |       ||     1
Ability: Exsanguinate      |     1 |       |       |       ||     1
         End Transformatio |       |     1 |     1 |       ||     2
         Bat Form          |       |     1 |     1 |       ||     2
  Evoke: Wand              |       |       |     1 |       ||     1
    Use: Scroll            |     8 |       |     7 |       ||    15
         Potion            |       |     2 |       |     4 ||     6
   Stab: Sleeping          |     5 |    11 |     5 |       ||    21
 Armour: Robe              |    59 |    78 |    95 |    15 ||   247
  Dodge: Dodged            |    54 |    68 |    83 |    11 ||   216

Table legend: (Time is in decaauts)
 A = Elapsed time spent in this place.
 B = Non-inter-level travel time spent in this place.
 C = Inter-level travel time spent in this place.
 D = Time resting spent in this place.
 E = Time spent auto-exploring this place.
 F = Levels seen in this place.
 G = Mean time per level.
                   A        B        C        D        E       F      G
               +--------+--------+--------+--------+--------+-----+--------+
         Total |  10940 |  10178 |    762 |   1311 |   6654 |  11 |  994.5 |
       Dungeon |   9773 |   9011 |    762 |   1162 |   6046 |   9 | 1085.9 |
        Temple |     92 |     92 |      0 |     91 |      0 |   1 |   92.0 |
         Sewer |   1074 |   1074 |      0 |     58 |    607 |   1 | 1074.0 |
               +--------+--------+--------+--------+--------+-----+--------+

Top non-repeatable levels by time:
     D:6: 1759 daAuts
     D:5: 1463 daAuts
     D:7: 1419 daAuts
     D:3: 1313 daAuts
     D:8: 1207 daAuts
   Sewer: 1074 daAuts
     D:1: 933 daAuts
     D:4: 903 daAuts
     D:2: 667 daAuts
     D:9: 105 daAuts
  Temple: 92 daAuts

Levels and vault maps discovered:
D:1:      tarquinn_simple_flora_water_e, layout_basic,
          hellmonk_ecumenical_altar_heavens_door
D:2:      layout_rooms
D:3:      layout_rooms, serial_forest, infiniplex_forest_lined_2,
          infiniplex_forest_lined_room_3, infiniplex_forest_clump_tiny,
          infiniplex_forest_clump_tiny, infiniplex_forest_join,
          infiniplex_forest_clump_small, infiniplex_forest_clump_cross,
          infiniplex_forest_zigzag_1, chequers_serial_rivers_small_b,
          minmay_fountain_box, grunt_decor_mini_mirrors, nrook_mini_backslash,
          minmay_misc_feat_four_crosses
D:4:      layout_gridville, portal_sewer_entry_b
D:5:      layout_basic, minmay_temple_entry_steel_oval, serial_park_tiny_pond,
          water_maze_lemuel
D:6:      layout_loops_ring, uniq_blork_the_orc, uniq_crazy_yiuf_cottage
D:7:      layout_basic, kennysheep_mini, nicolae_dithmenos_the_darkroom
D:8:      layout_basic, mainiacjoe_overflow_paths, minmay_strange_pillars
D:9:      layout_rooms, dpeg_oklobed_lair, erik_orc_1, serial_shops,
          nicolae_shop_tiny_glass, nicolae_shop_gadgets
Temple:   lightli_temple_of_artemis

Table legend: (Time is in decaauts)
 A = Elapsed time spent in this place.
 B = Non-inter-level travel time spent in this place.
 C = Inter-level travel time spent in this place.
 D = Time resting spent in this place.
 E = Time spent auto-exploring this place.
 F = Levels seen in this place.
 G = Mean time per level.
                   A        B        C        D        E       F      G
               +--------+--------+--------+--------+--------+-----+--------+
         Total |  10940 |  10178 |    762 |   1311 |   6654 |  11 |  994.5 |
       Dungeon |   9773 |   9011 |    762 |   1162 |   6046 |   9 | 1085.9 |
        Temple |     92 |     92 |      0 |     91 |      0 |   1 |   92.0 |
         Sewer |   1074 |   1074 |      0 |     58 |    607 |   1 | 1074.0 |
               +--------+--------+--------+--------+--------+-----+--------+

Top non-repeatable levels by time:
     D:6: 1759 daAuts
     D:5: 1463 daAuts
     D:7: 1419 daAuts
     D:3: 1313 daAuts
     D:8: 1207 daAuts
   Sewer: 1074 daAuts
     D:1: 933 daAuts
     D:4: 903 daAuts
     D:2: 667 daAuts
     D:9: 105 daAuts
  Temple: 92 daAuts

Table legend:
 A = Kills in this place as a percentage of kills in the entire game.
 B = Kills by you in this place as a percentage of kills by you in the entire game.
 C = Kills by friends in this place as a percentage of kills by friends in the entire game.
 D = Other kills in this place as a percentage of other kills in the entire game.
 E = Experience gained in this place as a percentage of experience gained in the entire game.
 F = Experience gained in this place divided by the number of levels of this place that you have seen.
                   A       B       C       D       E      F
               +-------+-------+-------+-------+-------+----------------------
         Total | 100.0 | 100.0 |   N/A |   N/A | 100.0 | 534.1
       Dungeon |  81.3 |  81.3 |   N/A |   N/A |  93.2 | 608.4
         Sewer |  18.7 |  18.7 |   N/A |   N/A |   6.8 | 399.0
               +-------+-------+-------+-------+-------+----------------------
